[Event "Asian Zonal-ch 3.5 Women 2019"]
[Site "Zi Bo"]
[Date "2019.09.07"]
[Round "4.2"]
[White "Li, Yunshan"]
[Black "Zhai, Mo"]
[Result "0-1"]
[ECO "E52"]
[WhiteElo "2261"]
[BlackElo "2360"]
[Annotator "RC"]
[PlyCount "76"]
[EventDate "2019.09.05"]
[EventType "swiss"]
[EventCountry "CHN"]
[SourceTitle "playchess.com"]
[Source "ChessBase"]
[SourceQuality "1"]
[TimeControl "5400+30"]

1. d4 Nf6 2. c4 e6 3. Nc3 Bb4 4. Nf3 O-O 5. e3 d5 6. Bd2 b6 7. cxd5 exd5 8. Rc1 a6 9. Bd3 Bb7 10. O-O Bd6 11. Ne5 c5 12. f4 Nc6 13. Ng4 Nxg4 14. Qxg4 c4 15. Bb1 Ne7 16. f5 f6 17. Rf3 b5 18. Rh3 Rf7 19. e4 Qb6 20. exd5 Nxd5 21. Qh4 Kf8 22. Nxd5 Bxd5 23. Qxh7 Qxd4+ 24. Be3 Qxb2 25. Qg6 Re8 26. Re1 Re5 27. Qg3 Rfe7 28. Rh8+ Bg8 29. Rd1 c3 30. h4 Bc7 31. Bf4 c2 32. Bxc2 Qxc2 33. Rf1 Rxf5 34. Qf3 Bxf4 35. Qa8+ Re8 36. Rxg8+ Kxg8 37. Qxe8+ Kh7 38. Rf3 Re5 0-1

[Event "Asian Zonal-ch 3.5 Women 2019"]
[Site "Zi Bo"]
[Date "2019.09.07"]
[Round "4.4"]
[White "Yan, Tianqi"]
[Black "Li, Xueyi"]
[Result "1-0"]
[ECO "B13"]
[WhiteElo "2122"]
[BlackElo "2323"]
[Annotator "ChessBase"]
[PlyCount "103"]
[EventDate "2019.09.05"]
[EventType "swiss"]
[EventCountry "CHN"]
[SourceTitle "playchess.com"]
[Source "ChessBase"]
[SourceQuality "1"]
[TimeControl "5400+30"]

1. e4 c6 2. d4 d5 3. exd5 cxd5 4. c4 Nf6 5. Nc3 Nc6 6. Nf3 Bg4 7. cxd5 Nxd5 8. Qb3 Nb6 9. Ne5 Be6 10. Qb5 Rc8 11. Be3 f6 12. Nxc6 bxc6 13. Qa6 Rc7 14. Be2 g6 15. Rc1 Bg7 16. O-O O-O 17. Rfd1 Bf7 18. Bf3 Nc4 19. Bf4 Qc8 20. Qxc8 Rcxc8 21. Na4 g5 22. Bg3 f5 23. b3 Nb6 24. Nxb6 axb6 25. h4 f4 26. Bh2 gxh4 27. Rxc6 Rxc6 28. Bxc6 Bg6 29. d5 Be5 30. f3 Bh5 31. Kf2 Bd6 32. Rh1 Bg6 33. Bg1 h3 34. gxh3 Bb1 35. a4 Bc2 36. Kg2 Bc7 37. Bd4 Rf5 38. Rc1 Rg5+ 39. Kf2 Bf5 40. h4 Rg3 41. Bb7 Bd6 42. Bxb6 Rh3 43. Rg1+ Kf7 44. a5 Bg6 45. Bc8 Rh2+ 46. Rg2 Rh1 47. a6 Bd3 48. Rg5 e5 49. dxe6+ Ke7 50. a7 Rh2+ 51. Rg2 Rh1 52. Rg7+ 1-0

[Event "Asian Zonal-ch 3.5 Women 2019"]
[Site "Zi Bo"]
[Date "2019.09.07"]
[Round "4.5"]
[White "Bai, Xue"]
[Black "Hu, Yu A."]
[Result "1-0"]
[ECO "B80"]
[WhiteElo "2093"]
[BlackElo "2105"]
[Annotator "ChessBase"]
[PlyCount "75"]
[EventDate "2019.09.05"]
[EventType "swiss"]
[EventCountry "CHN"]
[SourceTitle "playchess.com"]
[Source "ChessBase"]
[SourceQuality "1"]
[TimeControl "5400+30"]

1. e4 c5 2. Nf3 d6 3. d4 cxd4 4. Nxd4 Nf6 5. Nc3 a6 6. g3 e6 7. Bg2 Be7 8. O-O O-O 9. Re1 Bd7 10. Be3 Nc6 11. h3 Rc8 12. a4 Ne5 13. Nce2 Nc4 14. Bc1 b5 15. b3 Ne5 16. axb5 axb5 17. Bd2 Qb6 18. Be3 Qb8 19. f4 Nc6 20. Qd3 e5 21. Nxc6 Bxc6 22. c4 Nd7 23. Nc3 bxc4 24. bxc4 Nc5 25. Bxc5 dxc5 26. Nd5 Bxd5 27. exd5 Bd6 28. f5 e4 29. Rxe4 Bxg3 30. Rb1 Qd6 31. Qe3 Rb8 32. Rf1 Bh2+ 33. Kh1 Qg3 34. Rf3 Rb1+ 35. Bf1 Qd6 36. Qe2 Bg3 37. f6 Re1 38. Qd2 1-0

[Event "Asian Zonal-ch 3.5 Women 2019"]
[Site "Zi Bo"]
[Date "2019.09.07"]
[Round "4.6"]
[White "Song, Yuxin"]
[Black "Yuan, Ye"]
[Result "1/2-1/2"]
[ECO "B41"]
[WhiteElo "2305"]
[BlackElo "2092"]
[Annotator "ChessBase"]
[PlyCount "75"]
[EventDate "2019.09.05"]
[EventType "swiss"]
[EventCountry "CHN"]
[SourceTitle "playchess.com"]
[Source "ChessBase"]
[SourceQuality "1"]
[TimeControl "5400+30"]

1. e4 c5 2. Nf3 e6 3. d4 cxd4 4. Nxd4 a6 5. c4 Nf6 6. Nc3 Bb4 7. Qd3 Nc6 8. Nxc6 dxc6 9. Qxd8+ Kxd8 10. e5 Ne4 11. a3 Bxc3+ 12. bxc3 f6 13. Be3 fxe5 14. Bb6+ Ke7 15. a4 Bd7 16. a5 c5 17. Bd3 Bc6 18. f3 Nf6 19. Bxc5+ Kf7 20. Be2 Rhd8 21. Be3 Rd7 22. Kf2 h5 23. h3 h4 24. Rhd1 Rxd1 25. Rxd1 e4 26. f4 Re8 27. Bd4 Nd7 28. Bg4 Rg8 29. Be5 Nc5 30. Rd6 g6 31. Bd4 Nd3+ 32. Ke3 Re8 33. Be2 Ne1 34. Kf2 Nd3+ 35. Bxd3 exd3 36. Bc5 e5 37. Rxd3 exf4 38. Bb6 1/2-1/2

[Event "Asian Zonal-ch 3.5 Women 2019"]
[Site "Zi Bo"]
[Date "2019.09.07"]
[Round "4.7"]
[White "Zhang, Lanlin"]
[Black "Ren, Xiaoyi"]
[Result "1/2-1/2"]
[ECO "C42"]
[WhiteElo "2203"]
[BlackElo "2231"]
[Annotator "ChessBase"]
[PlyCount "83"]
[EventDate "2019.09.05"]
[EventType "swiss"]
[EventCountry "CHN"]
[SourceTitle "playchess.com"]
[Source "ChessBase"]
[SourceQuality "1"]
[TimeControl "5400+30"]

1. e4 e5 2. Nf3 Nf6 3. Nxe5 d6 4. Nf3 Nxe4 5. Nc3 Nxc3 6. dxc3 Nc6 7. Be3 Be7 8. Qd2 Be6 9. O-O-O Qd7 10. Kb1 Bf6 11. Nd4 Nxd4 12. Bxd4 Bxd4 13. Qxd4 O-O 14. h4 Rfe8 15. f3 Qc6 16. Bd3 Qc5 17. Rhe1 Qxd4 18. cxd4 h6 19. b3 Kf8 20. Kb2 Bd7 21. g4 Bc6 22. Be4 d5 23. Bd3 Rxe1 24. Rxe1 Re8 25. Rxe8+ Kxe8 26. Kc3 Ke7 27. Kd2 Kd6 28. f4 Bd7 29. f5 f6 30. h5 Be8 31. Bf1 c5 32. Ke3 b6 33. c3 Bd7 34. b4 c4 35. a3 Be8 36. Be2 Bd7 37. Bd1 Be8 38. a4 Bd7 39. Bc2 Be8 40. Bd1 Bd7 41. Bc2 Be8 42. Bd1 1/2-1/2

[Event "Asian Zonal-ch 3.5 Women 2019"]
[Site "Zi Bo"]
[Date "2019.09.07"]
[Round "4.8"]
[White "Ning, Kaiyu"]
[Black "Zhao, Shengxin"]
[Result "1-0"]
[ECO "E04"]
[WhiteElo "2354"]
[BlackElo "2162"]
[Annotator "ChessBase"]
[PlyCount "107"]
[EventDate "2019.09.05"]
[EventType "swiss"]
[EventCountry "CHN"]
[SourceTitle "playchess.com"]
[Source "ChessBase"]
[SourceQuality "1"]
[TimeControl "5400+30"]

1. d4 Nf6 2. c4 e6 3. g3 d5 4. Bg2 dxc4 5. Nf3 c6 6. Ne5 c5 7. Na3 cxd4 8. Naxc4 Bc5 9. a3 a5 10. Qa4+ Nbd7 11. b4 Be7 12. Bb2 O-O 13. Bxd4 Nxe5 14. Bxe5 Bd7 15. b5 Nd5 16. O-O Bf6 17. Rfd1 Bxe5 18. Nxe5 Be8 19. Bxd5 exd5 20. Qb3 Qb6 21. Rxd5 Bc6 22. Nxc6 bxc6 23. Rd6 Qxb5 24. Qc2 Qe5 25. Rad1 Rac8 26. e3 c5 27. R6d5 Qc7 28. Qc4 Qb6 29. Rc1 Rfd8 30. Rxc5 Rxc5 31. Qxc5 Qb2 32. Qc3 Qb5 33. Qc7 Re8 34. Qc6 Qb8 35. Rc5 h6 36. Rxa5 Rd8 37. Kg2 Kh7 38. Rd5 Rc8 39. Rb5 Qxg3+ 40. hxg3 Rxc6 41. a4 Rc4 42. a5 Ra4 43. f4 g6 44. g4 Kg7 45. Kf3 Ra3 46. Ke4 Ra4+ 47. Kd5 Ra3 48. Kd4 Ra4+ 49. Kc5 h5 50. gxh5 gxh5 51. Kb6 Kh6 52. a6 h4 53. a7 h3 54. Ra5 1-0

[Event "Asian Zonal-ch 3.5 Women 2019"]
[Site "Zi Bo"]
[Date "2019.09.07"]
[Round "4.9"]
[White "Zhang, Yuxuan"]
[Black "Zhou, Zirun"]
[Result "1-0"]
[ECO "C54"]
[WhiteElo "1979"]
[BlackElo "2155"]
[Annotator "ChessBase"]
[PlyCount "71"]
[EventDate "2019.09.05"]
[EventType "swiss"]
[EventCountry "CHN"]
[SourceTitle "playchess.com"]
[Source "ChessBase"]
[SourceQuality "1"]
[TimeControl "5400+30"]

1. e4 e5 2. Nf3 Nc6 3. Bc4 Bc5 4. c3 Nf6 5. d3 d6 6. O-O a5 7. a4 O-O 8. Nbd2 Be6 9. Re1 Qb8 10. Nf1 Qa7 11. Be3 Bxc4 12. dxc4 Nxe4 13. Qd3 f5 14. Ng3 Nxg3 15. Qd5+ Kh8 16. hxg3 Rae8 17. Ng5 Nd8 18. b4 axb4 19. cxb4 Bxe3 20. Rxe3 e4 21. Qd1 Ne6 22. Nxe6 Rxe6 23. a5 c6 24. Ra2 Rd8 25. b5 cxb5 26. cxb5 d5 27. a6 bxa6 28. Rea3 e3 29. Rxa6 exf2+ 30. Rxf2 Rxa6 31. bxa6 Qxa6 32. Rxf5 Qb6+ 33. Kh2 Qe6 34. Qg4 Qd7 35. Rf8+ Rxf8 36. Qxd7 1-0

[Event "Asian Zonal-ch 3.5 Women 2019"]
[Site "Zi Bo"]
[Date "2019.09.07"]
[Round "4.10"]
[White "Cai Youyang"]
[Black "Zhang, Xiao"]
[Result "0-1"]
[ECO "B12"]
[WhiteElo "1910"]
[BlackElo "2073"]
[Annotator "NA"]
[PlyCount "204"]
[EventDate "2019.09.05"]
[EventType "swiss"]
[EventCountry "CHN"]
[SourceTitle "playchess.com"]
[Source "ChessBase"]
[SourceQuality "1"]
[TimeControl "5400+30"]

1. e4 c6 2. d4 d5 3. f3 e6 4. Nc3 Nf6 5. Be3 Bb4 6. e5 Nfd7 7. a3 Bxc3+ 8. bxc3 b6 9. h4 Ba6 10. Bxa6 Nxa6 11. h5 c5 12. Qd2 Qc7 13. Ne2 Rc8 14. O-O cxd4 15. cxd4 Qxc2 16. Qe1 O-O 17. f4 Qf5 18. Ng3 Qd3 19. Rd1 Qxa3 20. Rf3 Qc3 21. Qf2 f5 22. h6 g6 23. Nh5 Qc2 24. Rd2 Qb1+ 25. Kh2 Kf7 26. Rb2 Qd3 27. Qh4 Qa3 28. Rb1 Qe7 29. Qh3 Rg8 30. Ng7 Nc7 31. g4 Ne8 32. gxf5 Nxg7 33. fxg6+ hxg6 34. hxg7 Rxg7 35. Bf2 Kg8 36. Bh4 Qf7 37. Rg1 Qf5 38. Qg3 a5 39. Qe1 Rc4 40. Qd1 Qc2+ 41. Qxc2 Rxc2+ 42. Kh3 Rc4 43. Rd1 a4 44. Kg4 Nf8 45. Bf6 Rh7 46. Rb1 Nd7 47. Bd8 Rxd4 48. Kg3 Rg7 49. Bxb6 Nxb6 50. Rxb6 Re7 51. Kg4 Kg7 52. Kg5 Rd1 53. Ra6 Ra1 54. Kg4 Kf7 55. Rh3 Kg7 56. Rf3 Rg1+ 57. Kh4 Kh6 58. Rg3 Rxg3 59. Kxg3 g5 60. f5 Kh5 61. f6 Re8 62. Rxa4 Kg6 63. Kg4 Rh8 64. Ra7 Rh4+ 65. Kg3 Kf5 66. Ra8 Rh7 67. Rf8 d4 68. f7 Kxe5 69. Kg4 Kf6 70. Rd8 Rxf7 71. Rxd4 Rh7 72. Rd8 Rh4+ 73. Kg3 Ra4 74. Rf8+ Kg7 75. Re8 Kf7 76. Rb8 e5 77. Rb6 Rf4 78. Ra6 Rf6 79. Ra7+ Kg6 80. Re7 Kf5 81. Re8 e4 82. Re7 Re6 83. Rf7+ Ke5 84. Kg4 e3 85. Kf3 Kd6 86. Ke2 Re4 87. Rf3 Ke5 88. Rf8 g4 89. Rf7 Ke6 90. Rf8 Ke7 91. Rf5 Kd6 92. Rf8 Kd5 93. Rf7 Ke5 94. Rf8 g3 95. Rf3 g2 96. Rg3 Rb4 97. Kf3 Rb2 98. Rg4 e2 99. Rg8 Kd4 100. Rd8+ Kc3 101. Rc8+ Kd2 102. Rd8+ Kc1 0-1

[Event "Asian Zonal-ch 3.5 Women 2019"]
[Site "Zi Bo"]
[Date "2019.09.07"]
[Round "4.11"]
[White "Wang, Yuehan"]
[Black "Xue, Yue"]
[Result "1-0"]
[ECO "B80"]
[WhiteElo "1600"]
[BlackElo "1678"]
[Annotator "NA"]
[PlyCount "47"]
[EventDate "2019.09.05"]
[EventType "swiss"]
[EventCountry "CHN"]
[SourceTitle "playchess.com"]
[Source "ChessBase"]
[SourceQuality "1"]
[TimeControl "5400+30"]

1. e4 c5 2. Nf3 d6 3. d4 cxd4 4. Nxd4 Nf6 5. Nc3 Nc6 6. f3 e6 7. Be3 a6 8. Qd2 Qc7 9. O-O-O Be7 10. Kb1 Ne5 11. g4 Nc4 12. Bxc4 Qxc4 13. g5 Nd7 14. h4 Rb8 15. h5 b5 16. b3 Qc7 17. g6 Bf6 18. gxf7+ Kxf7 19. Nce2 Ne5 20. Bg5 Nc4 21. bxc4 bxc4+ 22. Ka1 c3 23. Qc1 Bxg5 24. Qxg5 1-0

[Event "Asian Zonal-ch 3.5 Women 2019"]
[Site "Zi Bo"]
[Date "2019.09.07"]
[Round "4.12"]
[White "Ha, Yihan"]
[Black "Zhao, Caidi"]
[Result "1-0"]
[ECO "D70"]
[WhiteElo "1580"]
[BlackElo "1540"]
[Annotator "NA"]
[PlyCount "107"]
[EventDate "2019.09.05"]
[EventType "swiss"]
[EventCountry "CHN"]
[SourceTitle "playchess.com"]
[Source "ChessBase"]
[SourceQuality "1"]
[TimeControl "5400+30"]

1. d4 Nf6 2. c4 g6 3. f3 d5 4. cxd5 Nxd5 5. e4 Nb6 6. Nc3 Bg7 7. Be3 Nc6 8. Bb5 O-O 9. Nge2 Bd7 10. Rc1 a6 11. Bd3 Nb4 12. g4 Be6 13. b3 Bxd4 14. Nxd4 c5 15. Bb1 cxd4 16. Bxd4 Nc6 17. Be3 Qxd1+ 18. Rxd1 Nd7 19. Kf2 Rfd8 20. h3 f6 21. f4 Bf7 22. h4 Nf8 23. Na4 Nd7 24. h5 e5 25. hxg6 hxg6 26. f5 g5 27. Rd6 Kg7 28. Rhd1 Be8 29. a3 Nf8 30. Bb6 Rxd6 31. Rxd6 Nd7 32. Be3 Na5 33. Ba2 Rc8 34. Rd2 Rc6 35. Nb2 Rc3 36. b4 Nc6 37. Nc4 Ndb8 38. Nd6 Bd7 39. Nxb7 Rxa3 40. Bc5 Rc3 41. Bd5 Rc1 42. Bd6 Rb1 43. Nc5 Be8 44. Ne6+ Kh8 45. Ba2 Rc1 46. Bxb8 Nxb8 47. Rd8 Rc2+ 48. Ke3 Nc6 49. Rxe8+ Kh7 50. Bd5 Nxb4 51. Re7+ Kh8 52. Rf7 Rc3+ 53. Kd2 Rd3+ 54. Ke2 1-0